 Dungeon Crawl Stone Soup version 0.25-a0-503-ge281fa673e (webtiles) character file.

Game seed: 2968991593891097466, levelgen mode: deterministic

165 kae the Insei (level 5, 0/41 HPs)
             Began as a Demonspawn Gladiator on Feb 13, 2020.
             Was an Initiate of Wu Jian.
             Succumbed to a scorpion's poison
             ... on level 3 of the Dungeon.
             The game lasted 00:02:50 (3588 turns).

kae the Insei (Demonspawn Gladiator)                Turns: 3588, Time: 00:02:51

Health: 0/41       AC:  4    Str: 14    XL:     5   Next: 21%
Magic:  0/5        EV: 13    Int:  9    God:    Wu Jian [......]
Gold:   186        SH:  0    Dex: 16    Spells: 4/4 levels left

rFire    . . .     SeeInvis .     - Unarmed
rCold    + . .     Gourm    .   (no shield)
rNeg     . . .     Faith    .   a - +0 leather armour
rPois    .         Spirit   +   b - +0 helmet
rElec    .         Reflect  .   (no cloak)
rCorr    .         Harm     .   (no gloves)
MR       .....                  (no boots)
Stlth    +.........             f - amulet of guardian spirit
HPRegen  0.13/turn              (no ring)
MPRegen  0.09/turn              (no ring)

@: lethally poisoned (0 -> -12), hasted, very quick
A: claws 1, cold resistance 1
a: Renounce Religion


You were on level 3 of the Dungeon.
You worshipped Wu Jian.
Wu Jian was noncommittal.
You were very hungry.

You visited 1 branch of the dungeon, and saw 4 of its levels.

You collected 186 gold pieces.

Inventory:

Missiles
 c - 3 throwing nets (quivered)
Armour
 a - a +0 leather armour (worn)
 b - a +0 helmet (worn)
Jewellery
 f - an amulet of guardian spirit (around neck)
Wands
 k - a wand of random effects (19)
Scrolls
 i - a scroll of fear
 l - 2 scrolls of blinking
 n - a scroll of identify
Potions
 g - 2 potions of haste
 h - 4 potions of might
Comestibles
 d - 10 rations


   Skills:
 + Level 3.4 Fighting
 - Level 1.7 Throwing
 - Level 3.0 Dodging
 * Level 4.5 Unarmed Combat


You had 4 spell levels left.
You didn't know any spells.
Your spell library was empty.

Dungeon Overview and Level Annotations

Branches:
Dungeon (4/15)
 Temple: D:4-7

Altars:
Elyvilon
Makhleb
Trog
Wu Jian

Annotations:
D:3 3 runed translucent doors, Sigmund; mopl's ghost, amateur DDGl


Innate Abilities, Weirdness & Mutations

You have sharp fingernails.
Your flesh is cold resistant. (rC+)


Message History

You feel better. The scorpion stings you.
* * * LOW HITPOINT WARNING * * *
You claw the scorpion!
The scorpion is severely wounded.
The scorpion closely misses you.
You scratch the scorpion but do no damage.
The scorpion is severely wounded.
The scorpion stings you but does no damage.
You barely miss the scorpion.
The scorpion is severely wounded.
The scorpion stings you.
* * * LOW HITPOINT WARNING * * *
You scratch the scorpion but do no damage.
The scorpion is severely wounded.
The scorpion stings you.
* * * LOW HITPOINT WARNING * * *
You are lethally poisoned!
The scorpion poisons you!
You feel yourself speed up.
You die...

#....# #.........
####.#######.#####.##
#..........#.# #....
#.#.#######.## #....
#.#.# ### #....
#####.#.####### #....
#........†....# #....
#.###>#.#####.# ##..#
#.# #.#@# #.# #..#
#.# #.#s#####.# #...
#.# #.#.##.##.# #...
#.# #.#.....#.# #..#
#.#
#.>.##.##.#######..#
#.#
###.##.##..........#
#.#
#.##............##
#.# #.#####.#######.#
#.# ###.#####.#
#####.#


You could see a scorpion.

Vanquished Creatures
  3 gnolls (D:2)
  6 adders
  An ooze (D:2)
  4 worms
  2 dart slugs
  2 leopard geckos
  2 orcs (D:3)
  8 bats
  3 giant cockroaches (D:2)
  8 goblins
  5 hobgoblins
  3 quokkas (D:3)
  A frilled lizard (D:2)
  6 kobolds
  12 rats
66 creatures vanquished.

Notes
Turn   | Place    | Note
-------+----------+-------------------------------------------
     0 | D:1      | kae the Demonspawn Gladiator began the quest for the Orb.
     0 | D:1      | Reached XP level 1. HP: 16/16 MP: 1/1
   208 | D:1      | Reached skill level 3 in Unarmed Combat
   210 | D:1      | Gained mutation: You have sharp fingernails. [demonic
                  | ancestry]
   210 | D:1      | Reached XP level 2. HP: 22/22 MP: 2/2
   838 | D:2      | Reached XP level 3. HP: 15/28 MP: 3/3
  1176 | D:2      | Gained mutation: Your flesh is cold resistant. (rC+)
                  | [demonic ancestry]
  1176 | D:2      | Reached XP level 4. HP: 6/34 MP: 4/4
  1662 | D:2      | Reached skill level 4 in Unarmed Combat
  1702 | D:2      | Found an ornate altar of the Wu Jian Council.
  1710 | D:2      | Found a white marble altar of Elyvilon.
  1716 | D:2      | Became a worshipper of the Wu Jian Council
  1867 | D:2      | Found a burning altar of Makhleb.
  1938 | D:2      | Noticed a moth of wrath
  1941 | D:2      | Found a bloodstained altar of Trog.
  2078 | D:3      | Noticed Sigmund
  2927 | D:3      | Reached XP level 5. HP: 40/41 MP: 3/5
  3127 | D:3      | Found a runed translucent gate.
  3128 | D:3      | Found a runed translucent gate.
  3128 | D:3      | Found a runed translucent gate.
  3131 | D:3      | Noticed mopl's ghost (amateur DDGl)
  3587 | D:3      | HP: 2/41 [scorpion (3)]
  3588 | D:3      | Succumbed to a scorpion's poison

Levels and vault maps discovered:
D:1:      dpeg_cavernosity, layout_basic
D:2:      layout_basic, tgw_trog, grunt_temple_overflow_open,
          nicolae_overflow_crystal_walls
D:3:      layout_loops_ring, gammafunk_ghost_necromancy, uniq_sigmund
D:4:      layout_rooms, lemuel_coloured_pillars_altar, temple_pool_b,
          first_ration, grunt_decor_arrowhead

Skill      XL: |  1  2  3  4 |
---------------+-------------+-----
Unarmed Combat | 3 4 |  4.5
Dodging        | 3 |  3.0
Fighting       | 3 |  3.4
Throwing       | |  1.7

Action                   |  1- 3 |  4- 6 || total
-------------------------+-------+-------++-------
Melee: Unarmed           |    89 |   161 ||   250
       Punch             |       |     3 ||     3
Invok: Lunge             |       |    10 ||    10
  Use: Potion            |     2 |     4 ||     6
       Scroll            |     1 |     7 ||     8
 Stab: Sleeping          |     2 |     1 ||     3
  Eat: Chunk             |       |     7 ||     7
Armor: Leather armour    |    28 |    28 ||    56
Dodge: Dodged            |    64 |    83 ||   147

Table legend:
 A = Non-vault XP
 B = Vault XP
 C = Vault XP percentage of total XP
 D = Non-vault monster count
 E = Vault monster count
 F = Vault count percentage of total count
                 A         B        C        D         E       F
            +---------+---------+-------+---------+---------+-------
      Total |     221 |      15 |   6.4 |      57 |       9 |  13.6
            +---------+---------+-------+---------+---------+-------
        D:1 |      31 |       6 |  16.2 |      16 |       4 |  20.0
        D:2 |     107 |       9 |   7.8 |      24 |       5 |  17.2
        D:3 |      83 |       0 |   0.0 |      17 |       0 |   0.0
            +---------+---------+-------+---------+---------+-------
